 Dungeon Crawl Stone Soup version 0.30-a0-793-g160f7cfddd (webtiles) character file.

Game seed: 5406584993546933332

71 mandarbmax the Ruffian (level 4, 0/41 HPs)
             Began as an Ogre Transmuter on Feb 19, 2023.
             Slain by a gnoll
             ... wielding a +0 whip
              (4 damage)
             ... on level 3 of the Dungeon.
             The game lasted 00:05:02 (1949 turns).

mandarbmax the Ruffian (Ogre Transmuter)            Turns: 1949, Time: 00:05:02

Health: 0/41       AC:  3    Str: 14      XL:     4   Next: 24%
Magic:  4/8        EV:  9    Int: 15 (16) God:
Gold:   94         SH:  0    Dex:  7 (9)  Spells: 6/9 levels left

rFire   + . .      SeeInvis .      - Unarmed
rCold   + . .      Faith    .    (no shield)
rNeg    . . .      Spirit   .    a - +0 robe
rPois   +          Reflect  .    (helmet currently unavailable)
rElec   +          Harm     .    (no cloak)
rCorr   +          Rampage  .    (gloves unavailable)
Will    .....                    (boots unavailable)
Stlth   +                        (no amulet)
HPRegen 0.26/turn                (no ring)
MPRegen 0.11/turn                (no ring)

@: appendages (expiring), resistant, wereblooded (expiring)
A: horns 2, talons 2, large, unfitting armour, tough skin 1
a: End Transformation


You were on level 3 of the Dungeon.
You had temporarily grown beastly horns and talons.
You visited 1 branch of the dungeon, and saw 3 of its levels.

You collected 94 gold pieces.

Inventory:

Armour
 a - a +0 robe (worn)
Scrolls
 c - a scroll of noise
 d - 3 scrolls of identify
 f - a scroll of fog {unknown}
 h - a scroll of magic mapping {unknown}
Potions
 e - a potion of degeneration


   Skills:
 - Level 1.3 Fighting
 - Level 2.0 Dodging
 + Level 4.1 Unarmed Combat
 - Level 3.0 Spellcasting
 - Level 2.0 Transmutations


You had 6 spell levels left.
You knew the following spells:

 Your Spells              Type           Power      Damage    Failure   Level
a - Beastly Appendage     Tmut           16%        N/A       9%          1
b - Wereblood             Tmut           8%         N/A       13%         2

Your spell library contained the following spells:

 Spells                   Type           Power      Damage    Failure   Level
 Lesser Beckoning         Tloc           4%         N/A       30%         2
 Spider Form              Tmut/Pois      5%         N/A       36%         3
 Gell's Gravitas          Tloc           2%         N/A       52%         3
 Teleport Other           Tloc           2%         N/A       52%         3
 Ice Form                 Ice/Tmut       5%         N/A       78%         4


Dungeon Overview and Level Annotations

Branches:
Dungeon (3/15)

Altars:
Ashenzari
Trog

Shops:
D:1 (


Innate Abilities, Weirdness & Mutations

You have temporarily grown beastly horns and talons.
You are too large for most types of armour.
You have tough skin. (AC +1)


Message History

You kill the gnoll!
You howl as the wereblood boils in your veins!
You have reached level 4!
It was a potion of resistance.
You feel protected. The gnoll hits you with a +0 whip.
* * * LOW HITPOINT WARNING * * *
You hit the gnoll. You claw the gnoll, but do no damage.
The gnoll is moderately wounded.
Your horns disappear.
Your talons disappear.
The gnoll barely misses you.
You are too injured to fight recklessly!
Casting: Beastly Appendage (safe; 9% risk of failure)
Confirm with . or Enter, or press ? or * to list all spells.
You grow a pair of large bovine horns.
Your feet morph into talons.
You howl as the wereblood boils in your veins!
The gnoll hits you but does no damage.
You hit the gnoll. Your kick misses the gnoll.
The gnoll is heavily wounded.
Your primal bloodlust is almost over.
The gnoll hits you with a +0 whip.
* * * LOW HITPOINT WARNING * * *
You punch the gnoll!
You feel a bit better.
You kill the gnoll!
Your transformation is almost over.
You feel your strength returning.
Your Unarmed Combat skill increases to level 4!
As you read the scroll labelled PAXOUMNIRIN, it crumbles to dust.
It is a scroll of identify.
c - a scroll of noise You hit the gnoll but do no damage.
Your headbutt misses the gnoll. The gnoll closely misses you.
You punch the gnoll! Your kick misses the gnoll.
The gnoll is heavily wounded.
The gnoll hits you with a +0 whip.
* * * LOW HITPOINT WARNING * * *
You hit the gnoll. Your kick misses the gnoll.
The gnoll is severely wounded.
The gnoll hits you with a +0 whip.
You die...

.## #...
...###..
.....#.. ######
.....#.. .......
.....## ######.#
.>.. .......#
#.#######.#
######.#
#.g@.....# #.#
#.######## #.#
#.#
######.#######.#
.............†.#
###....#######.#
..........#....#
..##'##..#####.#
..#...#..#.S....


You could see a gnoll.

Vanquished Creatures
  2 gnolls (D:3)
  An adder (D:3)
  3 dart slugs (D:1)
  An endoplasm (D:2)
  3 goblins
  6 hobgoblins
  2 jackals (D:1)
  A quokka (D:2)
  3 ball pythons (D:1)
  2 bats
  2 frilled lizards
  7 kobolds
  3 rats
36 creatures vanquished.

Notes
Turn   | Place    | Note
-------+----------+-------------------------------------------
     0 | D:1      | mandarbmax the Ogre Transmuter began the quest for the Orb.
     0 | D:1      | Reached XP level 1. HP: 19/19 MP: 3/3
   111 | D:1      | Reached XP level 2. HP: 27/27 MP: 3/5
   133 | D:1      | Learned a level 2 spell: Wereblood
   331 | D:1      | Found a faded altar of an unknown god.
   382 | D:1      | Reached skill level 3 in Unarmed Combat
   416 | D:1      | Found Todiecof's Weapon Shop.
   603 | D:1      | Reached XP level 3. HP: 33/33 MP: 5/7
   848 | D:2      | Found a bloodstained altar of Trog.
  1779 | D:3      | Found a broken altar of Ashenzari.
  1941 | D:3      | Reached XP level 4. HP: 12/41 MP: 4/8
  1946 | D:3      | Reached skill level 4 in Unarmed Combat
  1949 | D:3      | Slain by a gnoll

Illustrated notes

Levels and vault maps discovered:
D:1:      matt_arrival_refuge, layout_rooms, serial_shops, shop,
          hellmonk_ecumenical_altar_zigzags
D:2:      layout_basic, basic_altar, patterned_corridor
D:3:      layout_basic, nzn_wu_jian_contemplation, nicolae_ashenzari_skybound

Skill      XL: |  1  2  3  4 |
---------------+-------------+-----
Transmutations | 2 |  2.0
Dodging        | 2 |  2.0
Unarmed Combat | 3 4 |  4.1
Spellcasting   | 3 |  3.0
Fighting       | |  1.3

Action                     |  1- 3 |  4- 6 || total
---------------------------+-------+-------++-------
  Melee: Unarmed           |   113 |     6 ||   119
         Headbutt          |    15 |       ||    15
         Kick              |    19 |     1 ||    20
         Punch             |     1 |       ||     1
   Cast: Beastly Appendage |    29 |     1 ||    30
         Wereblood         |     3 |       ||     3
    Use: Potion            |     2 |     1 ||     3
         Scroll            |       |     1 ||     1
 Armour: Robe              |    26 |     1 ||    27
         Skin              |     1 |       ||     1
  Dodge: Dodged            |    39 |     2 ||    41

Table legend: (Time is in decaauts)
 A = Elapsed time spent in this place.
 B = Non-inter-level travel time spent in this place.
 C = Inter-level travel time spent in this place.
 D = Time resting spent in this place.
 E = Time spent auto-exploring this place.
 F = Levels seen in this place.
 G = Mean time per level.
                   A        B        C        D        E       F      G
               +--------+--------+--------+--------+--------+-----+--------+
         Total |   1941 |   1901 |     40 |    107 |   1489 |   3 |  647.0 |
       Dungeon |   1941 |   1901 |     40 |    107 |   1489 |   3 |  647.0 |
               +--------+--------+--------+--------+--------+-----+--------+

Top non-repeatable levels by time:
     D:2: 926 daAuts
     D:1: 736 daAuts
     D:3: 279 daAuts
